AoeStats
← TigerGecko

Hideout

503726617Analyzed
4v4 RM · 1mo ago on Sep 2, 2026· 54m 56s· 8 players
Game mode
Random Map
Map size
Large (8 player)
Population
200
Speed
Normal
Resources
Standard
Victory
Conquest
Starting age
Dark Age
Ending age
Imperial Age
RankedLock teamsTeams togetherTeam positionsShared explorationLock speedFull tech treeHidden civsTurbo modeCheats
Victory
Defeat
🇺🇸 Romans · United States
1491
+12
🇺🇸 Bulgarians · United States
1473
+13
🇺🇸 Malay · United States
1440
+14
🇮🇳 Spanish · India
1325
+20
🇺🇸 Slavs · United States
1457
-17
🇵🇪 Chinese · Peru
1435
-16
🇩🇪 Georgians · Germany
1419
-15
🇺🇸 Khitans · United States
1320
-11
TigerGecko
9:56 Feudal Age
9:47 Loom
14:07 Horse Collar
19:07 Castle Age
17:33 Fletching
18:06 Double-Bit Axe
18:46 Gold Mining
23:45 Ballistics
23:55 Bodkin Arrow
25:56 Padded Archer Armor
27:30 Bloodlines
27:21 Husbandry
27:51 Husbandry
30:36 Bow Saw
32:19 Wheelbarrow
35:30 Imperial Age
34:33 Guard Tower
34:24 Treadmill Crane
34:54 Masonry
34:42 Murder Holes
35:04 Leather Archer Armor
35:27 Town Watch
35:57 Hand Cart
36:21 Bracer
37:34 Chemistry
37:09 Scale Barding Armor
37:12 Arrowslits
37:51 Heavy Plow
38:38 Svan Towers
38:53 Conscription
39:49 Scale Barding Armor
39:56 Forging
39:56 Aznauri Cavalry
41:18 Chain Barding Armor
40:22 Elite Monaspa
42:49 Iron Casting
43:12 Plate Barding Armor
44:47 Blast Furnace
45:23 Coinage
45:09 Guilds
45:42 Keep
45:18 Fortified Wall
45:14 Siege Engineers
45:39 Architecture
46:19 Hoardings
48:28 Banking
49:45 Stone Mining
49:59 Scale Mail Armor
Chase_The_Dragon
10:31 Feudal Age
9:21 Loom
10:59 Double-Bit Axe
10:54 Horse Collar
13:00 Wheelbarrow
17:15 Castle Age
17:27 Town Watch
20:02 Scale Barding Armor
20:17 Stone Mining
20:38 Gold Mining
21:22 Bloodlines
23:55 Detinets
25:39 Chain Barding Armor
30:25 Forging
31:44 Iron Casting
32:22 Fletching
34:55 Gold Shaft Mining
34:37 Pikeman
38:35 Imperial Age
36:26 Squires
36:28 Scale Mail Armor
36:54 Bow Saw
38:13 Chain Mail Armor
38:03 Heavy Plow
38:39 Halberdier
39:51 Plate Mail Armor
39:46 Conscription
40:07 Druzhina
41:50 Blast Furnace
41:42 Onager
43:48 Hand Cart
44:44 Siege Onager
frivolous spender
10:19 Feudal Age
11:46 Double-Bit Axe
13:34 Forging
17:05 Scale Barding Armor
18:36 Domestication
27:46 Castle Age
35:05 Iron Casting
35:58 Chain Barding Armor
36:45 Gold Mining
38:34 Bow Saw
38:39 Pastoralism
43:47 Imperial Age
43:52 Capped Ram
44:12 Heavy Rocket Cart
46:00 Chemistry
45:37 Siege Engineers
47:38 Loom
Yisaac
0:32 Loom
8:09 Feudal Age
10:46 Scale Barding Armor
18:33 Castle Age
17:05 Double-Bit Axe
17:36 Bloodlines
17:41 Gold Mining
17:39 Horse Collar
18:57 Forging
21:17 Chain Barding Armor
23:07 Forging
27:23 Wheelbarrow
26:38 Town Watch
27:14 Husbandry
33:48 Imperial Age
33:54 Imperial Age
31:43 Fletching
31:45 Pikeman
32:26 Squires
32:29 Bodkin Arrow
33:59 Padded Archer Armor
34:24 Ballistics
34:41 Bow Saw
34:58 Conscription
36:37 Chemistry
35:40 Bracer
35:51 Elite Chu Ko Nu
37:37 Leather Archer Armor
38:53 Rocketry
39:56 Gold Shaft Mining
39:11 Stone Mining
39:47 Thumb Ring
39:30 Light Cavalry
40:56 Ring Archer Armor
42:49 Plate Barding Armor
42:50 Iron Casting
48:08 Hand Cart
48:55 Blast Furnace
49:45 Halberdier
51:08 Scale Mail Armor
52:24 Masonry
YOGRANNYCANTSCRAP
9:07 Loom
11:29 Feudal Age
14:51 Castle Age
14:33 Double-Bit Axe
17:45 Wheelbarrow
21:44 Forging
22:28 Scale Barding Armor
25:20 Hand Cart
28:14 Iron Casting
29:21 Town Watch
30:16 Bow Saw
30:15 Gold Mining
35:14 Imperial Age
35:05 Gold Shaft Mining
34:28 Stone Mining
34:28 Elite Battle Elephant
36:20 Blast Furnace
36:10 Husbandry
37:08 Stone Shaft Mining
38:17 Elite Battle Elephant
40:55 Chemistry
42:26 Fletching
43:26 Murder Holes
43:52 Ballistics
44:27 Town Patrol
45:58 Siege Engineers
katzzu
10:04 Feudal Age
11:55 Loom
14:58 Castle Age
13:51 Double-Bit Axe
13:54 Horse Collar
15:50 Bow Saw
28:34 Heavy Plow
32:08 Bloodlines
34:48 Gold Mining
38:07 Scale Barding Armor
41:12 Imperial Age
39:26 Husbandry
39:40 Forging
40:55 Chain Barding Armor
41:33 Cavalier
42:45 Conscription
43:23 Plate Barding Armor
44:47 Iron Casting
47:04 Scale Mail Armor
Almost600
6:03 Loom
8:53 Feudal Age
10:29 Fletching
15:29 Double-Bit Axe
20:35 Wheelbarrow
22:57 Castle Age
21:09 Horse Collar
24:49 Scale Barding Armor
24:57 Forging
25:00 Bloodlines
24:50 Husbandry
25:05 Bow Saw
25:50 Chain Barding Armor
27:02 Iron Casting
28:36 Hand Cart
29:10 Bodkin Arrow
33:12 Gold Mining
41:16 Imperial Age
40:38 Padded Archer Armor
40:34 Elite Skirmisher
41:44 Ballistics
41:52 Leather Archer Armor
43:08 Chemistry
42:21 Bracer
43:45 Ballistics
47:23 Thumb Ring
47:16 Pikeman
47:57 Squires
48:16 Scale Mail Armor
49:17 Blast Furnace
48:29 Heavy Plow
49:14 Chain Mail Armor
50:45 Plate Mail Armor
50:00 Halberdier
53:03 Town Watch
Thundernips, The Ultimate Gigolo
9:17 Feudal Age
10:34 Loom
13:07 Castle Age
12:27 Double-Bit Axe
15:11 Bow Saw
20:48 Ballistics
22:08 Wheelbarrow
24:42 Horse Collar
27:48 Hand Cart
28:09 Loom
28:09 Town Watch
32:25 Imperial Age
30:22 Heavy Plow
30:58 Pikeman
31:38 Squires
31:54 Scale Mail Armor
32:04 Forging
33:00 Chain Mail Armor
33:09 Halberdier
34:34 Gold Mining
35:48 Chemistry
35:40 Siege Engineers
37:44 Gold Shaft Mining
36:59 Stone Mining
37:27 Capped Ram
38:30 Heavy Scorpion
39:33 Siege Ram
41:50 Iron Casting
41:06 Fletching
41:28 Masonry
41:59 Ballistas
42:17 Bodkin Arrow
43:28 Blast Furnace
43:58 Guilds
44:19 Coinage
44:57 Fortified Wall
45:17 Architecture
44:57 Fortified Wall
51:19 Banking
Connection lost

Rejoining the realm…

Still unreachable

The connection could not be restored.

Session expired

The server has moved on; the page needs a fresh start.